 Dungeon Crawl Stone Soup version 0.30-a0-883-g5ad918d77d (webtiles) character file.

Game seed: 10123927873942344379

226 lunkers the Gusty (level 6, 0/45 HPs)
             Began as a Meteoran Air Elementalist on Mar 15, 2023.
             Was a Believer of Vehumet.
             Slain by a black bear (6 damage)
             ... on level 4 of the Dungeon.
             The game lasted 00:08:29 (1112 turns).

lunkers the Gusty (Meteoran Air Elementalist)       Turns: 1112, Time: 00:08:29

Health: 0/45       AC:  3    Str:  9    XL:     6   Next: 46%
Magic:  2/14       EV: 12    Int: 20    God:    Vehumet [**....]
Gold:   74         SH:  0    Dex: 14    Spells: 4/14 levels left

rFire   . . .      SeeInvis .    b - +2 quarterstaff (chaos)
rCold   . . .      Faith    .    (shield currently unavailable)
rNeg    . . .      Spirit   .    a - +0 robe
rPois   .          Reflect  .    (no helmet)
rElec   .          Rampage  .    i - +0 cloak {Stlth+}
rCorr   .                        (no gloves)
Will    .....                    (no boots)
Stlth   +                        (no amulet)
HPRegen 0.27/turn                (no ring)
MPRegen 0.14/turn                (no ring)

@: lethally poisoned (0 -> -15), about to teleport, glowing
A: sense surroundings 1, otherworldly, glowing, explore regen
a: Renounce Religion


You were on level 4 of the Dungeon.
You worshipped Vehumet.
Vehumet was pleased with you.
You visited 1 branch of the dungeon, and saw 4 of its levels.

You collected 74 gold pieces.

Inventory:

Hand Weapons
 b - a +2 quarterstaff of chaos (weapon)
Armour
 a - a +0 robe (worn)
 i - a +0 cloak of stealth (worn)
Jewellery
 c - a ring of ice
Scrolls
 j - 2 scrolls of teleportation
 l - 2 scrolls of magic mapping
Potions
 e - 3 potions of curing
 g - a potion of invisibility {unknown}
 k - a potion of flight {unknown}
 m - a potion of brilliance {unknown}


   Skills:
 - Level 2.4 Dodging
 - Level 1.4 Stealth
 + Level 4.7 Spellcasting
 - Level 1.2 Conjurations
 * Level 6.7 Air Magic


You had 4 spell levels left.
You knew the following spells:

 Your Spells              Type           Power      Damage    Failure   Level
a - Shock                 Conj/Air       80%        1d8       2%          1
b - Static Discharge      Conj/Air       40%        2-4/arc   3%          2
c - Swiftness             Air            31%        N/A       2%          3
d - Airstrike             Air            15%        2d(3-19)  8%          4

Your spell library contained the following spells:

 Spells                   Type           Power      Damage    Failure   Level
 Freeze                   Ice            16%        1d4       12%         1
 Call Canine Familiar     Summ           4%         N/A       34%         3
 Portal Projectile        Hex/Tloc       8%         N/A       34%         3
 Tukima's Dance           Hex            4%         N/A       34%         3
 Leda's Liquefaction      Hex/Erth       2%         N/A       75%         4
 Blade Hands              Tmut           2%         N/A       97%         5


Dungeon Overview and Level Annotations

Branches:
Dungeon (4/15) Zot: 1289
 Temple: D:4-7

Altars:
Okawaru
Vehumet

Annotations:
D:4 Edmund


Innate Abilities, Weirdness & Mutations

You passively map a small area around you.
You are easily found by Zot.
You glow in the dark.
You regain HP and MP as you explore.


Message History

Confirm with . or Enter, or press ? or * to list all spells.
The spell is quite dangerous to miscast (8% risk of failure)!
Continue anyway?
Aiming: Airstrike (quite dangerous; 8% risk of failure)
Press: ? - help, Dir - move target, f - Edmund, p - black bear
Aim: Edmund, wielding a +4 flail of venom and wearing a +3 chain mail of positive energy (fast, empty space bonus: 7/8)
The air twists around and strikes Edmund!!
Edmund is heavily wounded.
You feel sick.
Edmund hits you with a +4 flail of venom!
* * * LOW HITPOINT WARNING * * *
You are more poisoned.
As you read the scroll of teleportation, it crumbles to dust.
You feel strangely unstable.
You feel very sick.
Edmund hits you with a +4 flail of venom!
* * * LOW HITPOINT WARNING * * *
You are more poisoned.
Edmund barely misses you.
Casting: Airstrike (quite dangerous; 8% risk of failure)
Confirm with . or Enter, or press ? or * to list all spells.
You don't know that spell.
Casting: Airstrike (quite dangerous; 8% risk of failure)
Confirm with . or Enter, or press ? or * to list all spells.
The spell is quite dangerous to miscast (8% risk of failure)!
Continue anyway?
Aiming: Airstrike (quite dangerous; 8% risk of failure)
Press: ? - help, Dir - move target, f/p - Edmund
Aim: Edmund, wielding a +4 flail of venom and wearing a +3 chain mail of positive energy (heavily wounded, fast, empty space bonus: 7/8)
The air twists around and strikes Edmund.
Edmund is heavily wounded.
* * * LOW MAGIC WARNING * * *
* * * LOW HITPOINT WARNING * * *
You feel very sick. Edmund misses you.
You feel better. Edmund closely misses you.
Edmund hits you with a +4 flail of venom!
* * * LOW HITPOINT WARNING * * *
You are lethally poisoned!
The black bear attacks as you move away!
The black bear bites you.
You die...

, * #....#........# *
..# *#..####.... * ,...
* ####.## ... ., , ,,,
... ##....##.....
,#.###..#.........
##.......g######.. , *
##..........## ##.# ,
##.......h@...##...#
#.........@......#*
..........)....###
...............#
#..............#
#...<..........#
..##.............######
##....>................#
.......................#
,
..............#.......#


You could see Edmund (fast), a black bear and a gnoll.

Vanquished Creatures
  An ogre (D:4)
  Crazy Yiuf (D:2)
  An orc priest (D:3)
  A gnoll (D:1)
  2 adders
  A worm (D:2)
  3 dart slugs
  5 orcs (D:3)
  6 endoplasms
  A giant cockroach (D:1)
  A goblin (D:2)
  2 hobgoblins (D:1)
  4 jackals (D:1)
  3 kobolds
  A quokka (D:1)
  8 ball pythons
  4 bats
  A frilled lizard (D:3)
  3 rats (D:1)
49 creatures vanquished.

Notes
Turn   | Place    | Note
-------+----------+-------------------------------------------
     0 | D:1      | lunkers the Meteoran Air Elementalist began the quest for
                  | the Orb.
     0 | D:1      | Reached XP level 1. HP: 14/14 MP: 5/5
    48 | D:1      | Reached skill level 4 in Air Magic
    48 | D:1      | Reached XP level 2. HP: 20/20 MP: 4/6
   147 | D:1      | Found a faded altar of an unknown god.
   150 | D:1      | Prayed at the altar of an unknown god.
   150 | D:1      | Became a worshipper of Vehumet
   150 | D:1      | Reached * piety under Vehumet
   150 | D:1      | Offered knowledge of Kiss of Death by Vehumet.
   177 | D:1      | Learned a level 2 spell: Static Discharge
   190 | D:1      | Reached XP level 3. HP: 26/26 MP: 4/8
   457 | D:2      | Reached XP level 4. HP: 33/33 MP: 2/10
   495 | D:2      | Reached skill level 5 in Air Magic
   533 | D:2      | Learned a level 3 spell: Swiftness
   538 | D:2      | Learned a level 4 spell: Airstrike
   584 | D:2      | Found a runed translucent door.
   585 | D:2      | Noticed Crazy Yiuf
   597 | D:2      | Killed Crazy Yiuf
   643 | D:3      | Reached XP level 5. HP: 18/38 MP: 8/11
   798 | D:3      | Reached ** piety under Vehumet
   798 | D:3      | Offered knowledge of Freeze by Vehumet.
   811 | D:3      | Reached skill level 6 in Air Magic
   838 | D:3      | Found an iron altar of Okawaru.
  1038 | D:4      | Noticed a black bear
  1038 | D:4      | Noticed an ogre
  1043 | D:4      | Killed an ogre
  1044 | D:4      | Reached XP level 6. HP: 45/45 MP: 8/14
  1071 | D:4      | Noticed Edmund
  1110 | D:4      | HP: 1/45 [poisoned by Edmund]
  1112 | D:4      | Slain by a black bear

Illustrated notes

Levels and vault maps discovered:
D:1:      dpeg_arrival_arbitrary_c, layout_basic,
          shapermc_ecumenical_altar_mp_vishouse, st_stairs_3
D:2:      layout_loops_ring, nicolae_figureground_pulse, uniq_robin,
          uniq_crazy_yiuf_cottage
D:3:      layout_loops_ring, nicolae_sif_muna_little_library,
          okawaru_ov_weapons_minmay, kennysheep_potato
D:4:      layout_rooms, uniq_edmund

Skill      XL: |  1  2  3  4  5 |
---------------+----------------+-----
Air Magic      | 4 5 6 |  6.7
Spellcasting   | 3 4 |  4.7
Dodging        | |  2.4
Stealth        | |  1.4
Conjurations   | |  1.2

Action                     |  1- 3 |  4- 6 || total
---------------------------+-------+-------++-------
  Melee: Unarmed           |     7 |       ||     7
   Cast: Shock             |    60 |    45 ||   105
         Static Discharge  |       |     8 ||     8
         Airstrike         |       |     4 ||     4
    Use: Potion            |       |     2 ||     2
         Scroll            |       |     7 ||     7
 Armour: Robe              |     6 |     3 ||     9
  Dodge: Dodged            |    16 |    17 ||    33

Table legend: (Time is in decaauts)
 A = Elapsed time spent in this place.
 B = Non-inter-level travel time spent in this place.
 C = Inter-level travel time spent in this place.
 D = Time resting spent in this place.
 E = Time spent auto-exploring this place.
 F = Levels seen in this place.
 G = Mean time per level.
                   A        B        C        D        E       F      G
               +--------+--------+--------+--------+--------+-----+--------+
         Total |   1110 |   1048 |     62 |      0 |    472 |   4 |  277.5 |
       Dungeon |   1110 |   1048 |     62 |      0 |    472 |   4 |  277.5 |
               +--------+--------+--------+--------+--------+-----+--------+

Top non-repeatable levels by time:
     D:1: 409 daAuts
     D:3: 346 daAuts
     D:2: 230 daAuts
     D:4: 124 daAuts
